 Dungeon Crawl Stone Soup version 0.29.1-15-g9cfb28693d (webtiles) character file.

Game seed: 11570445283113556094

109 leafyfresh the Sneak (level 4, -2/33 HPs)
             Began as an Octopode Delver on Mar 4, 2023.
             Slain by a phantom (7 damage)
             ... on level 5 of the Dungeon.
             The game lasted 00:00:17 (82 turns).

leafyfresh the Sneak (Octopode Delver)                Turns: 82, Time: 00:00:18

Health: -2/33      AC:  1    Str: 11    XL:     4   Next: 89%
Magic:  4/4        EV: 14    Int: 14    God:
Gold:   0          SH:  0    Dex: 13    Spells: 3/3 levels left

rFire   . . .      SeeInvis .   a - +0 short sword
rCold   . . .      Faith    .   (no shield)
rNeg    . . .      Spirit   .   (helmet restricted)
rPois   .          Reflect  .   (no amulet)
rElec   .          Harm     .   (no ring)
rCorr   .          Rampage  .   (no ring)
Will    .....                   (no ring)
Stlth   +++++.....              (no ring)
HPRegen 0.11/turn               (no ring)
MPRegen 0.09/turn               (no ring)
                                (no ring)
                                (no ring)

@: no status effects
A: almost no armour, amphibious, 8 rings, camouflage 1, gelatinous body 1,
(nimble swimmer 1), tentacles
a: no special abilities


You were on level 5 of the Dungeon.
You visited 1 branch of the dungeon, and saw 1 of its levels.

Inventory:

Hand Weapons
 a - a +0 short sword (weapon)
Wands
 f - a wand of digging (3)
Scrolls
 b - a scroll of fog
 c - a scroll of magic mapping
 d - a scroll of fear
 g - a scroll of identify {unknown}
Potions
 e - a potion of haste


   Skills:
 + Level 3.8 Fighting
 - Level 2.4 Short Blades
 + Level 3.1 Dodging
 + Level 7.5 Stealth


You had 3 spell levels left.
You didn't know any spells.
Your spell library was empty.

Dungeon Overview and Level Annotations

Branches:
Dungeon (5/15)
 Temple: D:4-7

Altars:

Annotations:
D:5 1 transporter


Innate Abilities, Weirdness & Mutations

You cannot wear most types of armour.
You are amphibious.
You can wear up to eight rings at the same time.
Your skin changes colour to match your surroundings (Stealth+).
Your rubbery body absorbs attacks. (AC +1, EV +1)
((You are camouflaged when in or above water. (Stealth+)))
You have tentacles for arms and can constrict up to eight enemies at once.


Message History

The phantom closely misses you.
You hit the phantom but do no damage.
The phantom is heavily damaged.
The phantom closely misses you.
You hit the phantom.
The phantom is heavily damaged.
The phantom hits you!
You are too injured to fight recklessly!
You are too injured to fight recklessly!
Unknown command.
You barely miss the phantom. Your squeeze misses the phantom.
The phantom is heavily damaged.
The adder hisses angrily.
The orc wizard shouts!
The phantom closely misses you.
You hear a shout!
You hit the phantom.
The phantom is severely damaged.
The phantom barely misses you.
The orc wizard gestures wildly while chanting.
The orc wizard flickers and vanishes!
Deactivating autopickup; reactivate with Ctrl-A.
You closely miss the phantom. You tentacle-slap the phantom.
The phantom is severely damaged.
The phantom barely misses you.
You hit the phantom.
The phantom is severely damaged.
The adder barely misses you.
An orc wizard comes into view. It is wielding a +0 dagger.
The phantom hits you.
A magic dart appears from out of thin air!
The magic dart hits you!
* * * LOW HITPOINT WARNING * * *
You closely miss the phantom. Your squeeze misses the phantom.
The phantom is severely damaged.
The adder closely misses you. The phantom closely misses you.
The adder misses you.
You miss the phantom. You squeeze the phantom.
The phantom is almost destroyed.
The phantom hits you!
You die...

#$. ..##
..©#©)+..~♣~..+/ ..##
...#$.#.[~~~. # ..#
#.#P.#≈≈≈≈≈ #.#
#.#8~#.... 8#.
#.####### #.......
#.....W#
#.S@############
#..$...........#
.........##########[#
...o.#.### #.# ....
#. #######.# ... ).
........# ## ...
######..# ##.. #..#
##. #..#####


You could see a phantom, an orc wizard and an adder.

Vanquished Creatures
  A hound (D:5)
  A jelly (D:5)
  2 iguanas (D:5)
4 creatures vanquished.

Notes
Turn   | Place    | Note
-------+----------+-------------------------------------------
     0 | D:5      | leafyfresh the Octopode Delver began the quest for the Orb.
     0 | D:5      | Reached XP level 1. HP: 16/16 MP: 1/1
    10 | D:5      | Noticed a jelly
    15 | D:5      | Killed a jelly
    16 | D:5      | Reached XP level 2. HP: 21/21 MP: 2/2
    16 | D:5      | Reached XP level 3. HP: 26/26 MP: 3/3
    45 | D:5      | Reached skill level 7 in Stealth
    50 | D:5      | Reached XP level 4. HP: 33/33 MP: 4/4
    63 | D:5      | Found a transporter.
    65 | D:5      | Noticed a phantom
    82 | D:5      | Slain by a phantom

Illustrated notes

Levels and vault maps discovered:
D:5:      gammafunk_wand_slinger, layout_loops_ring

Skill      XL: |  1  2  3  4 |
---------------+-------------+-----
Stealth        | 7 |  7.5
Dodging        | 3 |  3.1
Fighting       | |  3.8
Short Blades   | |  2.4

Action                   |  1- 3 |  4- 6 || total
-------------------------+-------+-------++-------
Melee: Short sword       |     3 |    17 ||    20
       Tentacles         |       |     3 ||     3
       Punch             |       |     1 ||     1
 Stab: Sleeping          |     3 |     1 ||     4
Armor: Skin              |       |     2 ||     2
Dodge: Dodged            |       |    12 ||    12
